 Dungeon Crawl Stone Soup version 0.24.0-13-gcf9b319 (webtiles) character file.

Game seed: 3344393714760716122, levelgen mode: deterministic

208 Fang the Skirmisher (level 5, 0/51 HPs)
             Began as a Gargoyle Berserker on Nov 11, 2019.
             Was a Believer of Trog.
             Slain by Seifer's ghost (9 damage)
             ... on level 3 of the Dungeon.
             The game lasted 00:04:12 (3574 turns).

Fang the Skirmisher (Gargoyle Berserker)            Turns: 3574, Time: 00:04:12

Health: 0/51       AC: 13    Str: 26    XL:     5   Next: 86%
Magic:  5/5        EV:  6    Int:  8    God:    Trog [**....]
Gold:   199        SH:  7    Dex:  9    Spells: 4/4 levels left

rFire    . . .     SeeInvis .   a - +0 war axe
rCold    + . .     Gourm    .   k - +0 shield
rNeg     + . .     Faith    .   b - +0 chain mail {rC+}
rPois    ∞         Spirit   .   (no helmet)
rElec    +         Reflect  .   (no cloak)
rCorr    +         Harm     .   (no gloves)
MR       .....                  (no boots)
Stlth    ..........             (no amulet)
HPRegen  0.17/turn              s - ring of resist corrosion
MPRegen  0.09/turn              (no ring)

@: berserking (expiring), very quick
A: negative energy resistance 1, electricity resistance, unbreathing,
petrification resistance, rot immunity, AC +4
a: Berserk, Trog's Hand, Renounce Religion


You were on level 3 of the Dungeon.
You worshipped Trog.
Trog was pleased with you.
You were not hungry.

You visited 1 branch of the dungeon, and saw 4 of its levels.

You collected 199 gold pieces.

Inventory:

Hand Weapons
 a - a +0 war axe (weapon)
Armour
 b - a +0 chain mail of cold resistance (worn)
 k - a +0 shield (worn)
Jewellery
 s - a ring of resist corrosion (left hand)
Scrolls
 e - 3 scrolls of enchant armour {unknown}
 h - 2 scrolls of teleportation {unknown}
 i - 3 scrolls of identify {unknown}
 j - a scroll of blinking {unknown}
 o - a scroll of remove curse {unknown}
Potions
 d - 4 potions of curing
 f - 2 potions of cancellation {unknown}
 g - a potion of haste {unknown}
 l - a potion of degeneration {unknown}
 m - a potion of mutation {unknown}
 n - a potion of flight {unknown}
 p - a potion of agility {unknown}
 q - a potion of magic {unknown}
 r - a potion of brilliance {unknown}
Comestibles
 c - 3 rations


   Skills:
 + Level 4.4 Fighting
 + Level 3.6 Axes
 + Level 3.6 Armour
 + Level 2.8 Dodging


You had 4 spell levels left.
You didn't know any spells.
Your spell library was empty.

Dungeon Overview and Level Annotations

Branches:
Dungeon (4/15)
 Temple: D:4-7

Altars:
Kikubaaqudgha
Makhleb
Nemelex Xobeh
Trog
Uskayaw

Annotations:
D:3 Seifer's ghost, novice MfGl


Innate Abilities, Weirdness & Mutations

You are resistant to torment.
Your stone body is resilient. (AC +4)
You are immune to poison.
You resist negative energy. (rN+)
You are resistant to electric shocks. (rElec)
You can survive without breathing.
You are immune to petrification.
You are immune to rotting.


Message History

Seifer's ghost is lightly damaged.
You block Seifer's ghost's attack.
You miss Seifer's ghost.
Seifer's ghost is lightly damaged.
Seifer's ghost hits you!
* * * LOW HITPOINT WARNING * * *
You barely miss Seifer's ghost.
Seifer's ghost is lightly damaged.
Seifer's ghost hits you but does no damage.
You hit Seifer's ghost.
Seifer's ghost is moderately damaged.
Seifer's ghost closely misses you.
You miss Seifer's ghost.
Seifer's ghost is moderately damaged.
Seifer's ghost hits you.
* * * LOW HITPOINT WARNING * * *
You closely miss Seifer's ghost.
Seifer's ghost is moderately damaged.
Seifer's ghost hits you!
You die...

#.#######.# #### #.##.####.# #...
# #.##....#.# ### #.## #
#.##.##.#.#########.# #.#.
#####.##.(.(............# #.#.
##.....).##.#.#########.######.#.
##.##.##.##.#.# #........##.#.
..)....#.##.#.######.##.###(##...
##.#####.#..#.##@.......†........
##.#.....##.#.##W##.#.#.###)###..
##.#.######.#.##.##.#.#.......#..
...#.# #.#.##.##.#............
####.# #.#.##........##..#....
####.# #.#.......####.........
..##.# #..........<...#'#.....
..##.#####################≈##..##
..##.............)...[...#≈#.....


You could see Seifer's ghost.

Vanquished Creatures
  An orc priest (D:3)
  Ijyb (D:3)
  A worker ant (D:3)
  5 adders
  2 oozes (D:2)
  A worm (D:3)
  4 dart slugs
  2 leopard geckos (D:3)
  4 orcs (D:3)
  7 bats
  5 giant cockroaches
  6 goblins
  14 hobgoblins
  A frilled lizard (D:1)
  4 kobolds
  3 rats
61 creatures vanquished.

Notes
Turn   | Place    | Note
-------+----------+-------------------------------------------
     0 | D:1      | Fang the Gargoyle Berserker began the quest for the Orb.
     0 | D:1      | Reached XP level 1. HP: 14/14 MP: 1/1
   542 | D:1      | Reached XP level 2. HP: 19/19 MP: 2/2
   621 | D:1      | Found a sparkling altar of Nemelex Xobeh.
   827 | D:2      | Reached XP level 3. HP: 15/24 MP: 3/3
  1288 | D:2      | Found a hide-covered altar of Uskayaw.
  1288 | D:2      | Found a bloodstained altar of Trog.
  1299 | D:2      | Found an ancient bone altar of Kikubaaqudgha.
  1307 | D:2      | Found a burning altar of Makhleb.
  1453 | D:2      | Reached XP level 4. HP: 28/29 MP: 4/4
  1705 | D:2      | Reached skill level 4 in Fighting
  1711 | D:3      | Found a runed translucent door.
  1752 | D:3      | Reached ** piety under Trog
  2105 | D:3      | Noticed Seifer's ghost (novice MfGl)
  2258 | D:3      | Reached XP level 5. HP: 11/33 MP: 5/5
  2645 | D:3      | Noticed Ijyb
  2646 | D:3      | Paralysed by Ijyb for 3 turns
  2652 | D:3      | Paralysed by Ijyb for 6 turns
  2661 | D:3      | Killed Ijyb
  3574 | D:3      | Slain by Seifer's ghost

Levels and vault maps discovered:
D:1:      lightli_arrival_maybe_door_vault, layout_loops_ring, nrook_uturn,
          nemelex_diamond_rough_becter
D:2:      layout_loops_ring, grunt_temple_overflow_cloverleaf, first_ration
D:3:      layout_basic, ebering_ghost_sewer_d, uniq_ijyb
D:4:      layout_basic, serial_shops, shop, chequers_mini_garden

Skill      XL: |  1  2  3  4 |
---------------+-------------+-----
Axes           | 3 |  3.6
Dodging        | 2 |  2.8
Armour         | 3 |  3.6
Fighting       | 4 |  4.4

Action                   |  1- 3 |  4- 6 || total
-------------------------+-------+-------++-------
Melee: Hand axe          |   105 |    75 ||   180
       War axe           |       |    93 ||    93
Invok: Berserk           |     1 |     3 ||     4
       Trog's Hand       |       |     2 ||     2
  Use: Potion            |       |     2 ||     2
 Stab: Distracted        |     1 |       ||     1
  Eat: Chunk             |     3 |     7 ||    10
       Ration            |       |     1 ||     1
Armor: Animal skin       |    45 |    24 ||    69
       Chain mail        |       |    81 ||    81
Dodge: Dodged            |    54 |    42 ||    96
Block: Shield            |    21 |    68 ||    89
